 Dungeon Crawl Stone Soup version 0.28-a0-1130-gc51a68064b (webtiles) character file.

Game seed: 14949382573984216467

147 mcbry74 the Magician (level 5, -2/39 HPs)
             Began as a Djinni Fire Elementalist on Dec 12, 2021.
             Slain by an ogre (29 damage)
             ... on level 2 of the Dungeon.
             The game lasted 00:15:41 (3004 turns).

mcbry74 the Magician (Djinni Fire Elementalist)     Turns: 3004, Time: 00:15:41

Health: -2/39      AC:  3    Str:  7    XL:     5   Next: 54%
Gold:   112        EV: 13    Int: 19    God:
                   SH:  0    Dex: 13

rFire   + + .      SeeInvis .   g - +5 dagger (drain)
rCold   . . .      Faith    .   (no shield)
rNeg    . . .      Spirit   .   h - +1 robe {rC+}
rPois   ∞          Reflect  .   (no helmet)
rElec   .          Harm     .   (no cloak)
rCorr   .          Rampage  .   (no gloves)
Will    .....                   (boots unavailable)
Stlth   ++........              e - amulet of regeneration
HPRegen 0.93/turn               m - ring of wizardry
MPRegen 0.00/turn               (no ring)

@: flying
A: sickness immunity, fire resistance 2, cold vulnerability 1, float, innate
caster, hp casting, extra vitality 1
a: no special abilities


You were on level 2 of the Dungeon.
You visited 1 branch of the dungeon, and saw 4 of its levels.

You collected 112 gold pieces.

Inventory:

Hand Weapons
 g - a +5 dagger of draining (weapon)
 i - a +2 short sword of protection
Missiles
 t - 56 stones (quivered)
Armour
 a - a +0 robe
 h - a +1 robe of cold resistance (worn)
 j - a +1 leather armour of fire resistance
 p - +0 ice dragon scales
Jewellery
 e - an amulet of regeneration (around neck)
 m - a ring of wizardry (left hand)
Wands
 r - a wand of digging (2)
Scrolls
 b - 2 scrolls of brand weapon {unknown}
 k - a scroll of summoning {unknown}
 l - 2 scrolls of identify {unknown}
Potions
 c - 2 potions of heal wounds {unknown}
 d - a potion of cancellation {unknown}
 f - a potion of might {unknown}
 n - a potion of magic {unknown}
 o - 3 potions of lignification {unknown}
 q - a potion of degeneration {unknown}
 s - 3 potions of curing {unknown}


   Skills:
 + Level 2.5 Fighting
 - Level 3.1 Dodging
 - Level 1.5 Stealth
 + Level 3.6 Spellcasting


You couldn't memorise any spells.
You knew the following spells:

 Your Spells              Type           Power      Damage    Failure   Level
a - Foxfire               Conj/Fire      68%        2x1d7     1%          1
b - Scorch                Fire           34%        2d6       1%          2
c - Conjure Flame         Conj/Fire      17%        6-21      4%          3
d - Inner Flame           Hex/Fire       17%        N/A       4%          3
e - Flame Wave            Conj/Fire      17%        2d5       13%         4
f - Magic Dart            Conj           68%        1d6       1%          1
g - Blink                 Tloc           34%        N/A       1%          2
Your spell library was empty.

Dungeon Overview and Level Annotations

Branches:
Dungeon (4/15)
 Temple: D:4-7

Altars:
Elyvilon

Shops:
D:2 (


Innate Abilities, Weirdness & Mutations

You are immune to sickness and miasma.
You are immune to poison.
Your flesh is very heat resistant. (rF++)
You are vulnerable to cold. (rC-)
You float through the air rather than walking.
You learn spells naturally, not from books.
Your magical power is your life essence.
You have superior vitality. (+4 HP)


Message History

Throw: 58 stones
Press: ? - help, Q - select action, (/) - cycle Shift-Dir - straight line, f/p - ogre
Aim: an ogre, wielding a +0 giant club (heavily wounded, inner flame, 73% to hit)
You throw a stone.
The stone hits the ogre but does no damage.
The ogre is heavily wounded.
Throw: 57 stones
Press: ? - help, Q - select action, (/) - cycle Shift-Dir - straight line, f/p - ogre
Aim: an ogre, wielding a +0 giant club (heavily wounded, inner flame, 73% to hit)
You throw a stone.
The stone hits the ogre but does no damage.
The ogre is heavily wounded.
You see here 20 stones.
The ogre closely misses you.
Found 22 stones.
Found a stone staircase leading up.
You see here a +0 plate armour.
You see here 22 stones.
There is a stone staircase leading up here.
The ogre hits you with a +0 giant club!
You fly upwards.
There is a stone staircase leading down here.
The ogre hits you with a +0 giant club!
There is a stone staircase leading up here.
The ogre's inner flame fades away.
The ogre completely misses you.
Casting: Inner Flame (dangerous; 4% risk of failure)
Confirm with . or Enter, or press ? or * to list all spells.
The fire begins to smoulder!
The ogre smothers the flame.
The ogre barely misses you.
There is a stone staircase leading up here.
The ogre hits you with a +0 giant club!
You fly upwards.
There is a stone staircase leading down here.
The ogre closely misses you.
The ogre hits you with a +0 giant club!!
Ouch! That really hurt!
The ogre hits you with a +0 giant club!!
Ouch! That really hurt!
You die...

########## ###### ...÷.# ####.#
.....# .....# .....# .....#
############### .....#
#.....@.......# .....#
###....O#######.######### .....#
#........##...#......>..# .....#
#.#......##.............# .....#
#.#......##^............#
#########.#...#..##.............#
#.........#.#.#.......##........#
#.###.....#.#.####.....#........#
......###†#.#...#.....##........#


You could see an ogre.

Vanquished Creatures
  A bullfrog skeleton (D:2)
  Jessica (D:2)
  2 adders
  2 worms (D:2)
  6 dart slugs
  2 orcs (D:3)
  6 bats
  3 endoplasms
  2 giant cockroaches
  5 hobgoblins
  5 kobolds
  2 quokkas
  4 ball pythons
  4 frilled lizards
  6 goblins
  4 rats
55 creatures vanquished.

Vanquished Creatures (others)
  85 foxfires
85 creatures vanquished.

Grand Total: 140 creatures vanquished

Notes
Turn   | Place    | Note
-------+----------+-------------------------------------------
     0 | D:1      | mcbry74 the Djinni Fire Elementalist began the quest for
                  | the Orb.
     0 | D:1      | Reached XP level 1. HP: 15/15 MP: 0/0
   149 | D:1      | Reached XP level 2. HP: 9/21 MP: 0/0
   815 | D:1      | Found a faded altar of an unknown god.
   820 | D:1      | Reached XP level 3. HP: 25/25 MP: 0/0
   820 | D:1      | Learned a level 1 spell: Magic Dart
  1084 | D:2      | Noticed Jessica
  1112 | D:2      | Killed Jessica
  1113 | D:2      | Reached skill level 1 in Fighting
  1113 | D:2      | Reached XP level 4. HP: 22/32 MP: 0/0
  1211 | D:2      | Found Sajag's Weapon Emporium.
  1263 | D:2      | You are sucked into a shaft and drop 1 floor!
  1290 | D:3      | Found a white marble altar of Elyvilon.
  2197 | D:3      | Reached XP level 5. HP: 38/38 MP: 0/0
  2197 | D:3      | Learned a level 2 spell: Blink
  2880 | D:4      | Noticed an ogre
  3004 | D:2      | Slain by an ogre

Illustrated notes

Levels and vault maps discovered:
D:1:      minmay_arrival_loop, layout_loops_ring,
          chequers_ecumenical_altar_island
D:2:      layout_basic, serial_shops, nicolae_shop_stone, uniq_jessica
D:3:      layout_loops_ring, mainiacjoe_overflow_alcove_1
D:4:      minmay_bubble_buster, layout_basic

Skill      XL: |  1  2  3  4 |
---------------+-------------+-----
Dodging        | 3 |  3.1
Fighting       | 1 2 |  2.5
Spellcasting   | 3 |  3.6
Stealth        | |  1.5

Action                   |  1- 3 |  4- 6 || total
-------------------------+-------+-------++-------
Melee: Unarmed           |     1 |       ||     1
       Dagger            |       |    38 ||    38
Throw: Stone             |       |     4 ||     4
 Cast: Foxfire           |    37 |    15 ||    52
       Magic Dart        |       |    39 ||    39
       Conjure Flame     |       |     2 ||     2
       Inner Flame       |       |     1 ||     1
Armor: Robe              |    10 |    10 ||    20
Dodge: Dodged            |    23 |    31 ||    54

Table legend: (Time is in decaauts)
 A = Elapsed time spent in this place.
 B = Non-inter-level travel time spent in this place.
 C = Inter-level travel time spent in this place.
 D = Time resting spent in this place.
 E = Time spent auto-exploring this place.
 F = Levels seen in this place.
 G = Mean time per level.
                   A        B        C        D        E       F      G
               +--------+--------+--------+--------+--------+-----+--------+
         Total |   3004 |   2901 |    103 |    559 |   1674 |   4 |  751.0 |
       Dungeon |   3004 |   2901 |    103 |    559 |   1674 |   4 |  751.0 |
               +--------+--------+--------+--------+--------+-----+--------+

Top non-repeatable levels by time:
     D:3: 1130 daAuts
     D:1: 964 daAuts
     D:2: 824 daAuts
     D:4: 86 daAuts
